 Dungeon Crawl Stone Soup version 0.29-a0-495-g17b79114eb (webtiles) character file.

Game seed: 10108911298810494946

928 enile the Sneak (level 8, -3/49 HPs)
             Began as a Kobold Brigand on May 28, 2022.
             Was an Initiate of Gozag.
             Killed by nerve-wracking pain
             ... invoked by an orc priest
              (11 damage)
             ... on level 4 of the Dungeon.
             The game lasted 00:12:27 (5331 turns).

enile the Sneak (Kobold Brigand)                    Turns: 5331, Time: 00:12:27

Health: -3/49      AC:  4    Str:  7 (8)  XL:     8   Next: 32%
Magic:  12/12      EV: 17    Int: 10 (12) God:    Gozag
Gold:   264        SH:  0    Dex: 17 (19) Spells: 7/13 levels left

rFire   . . .      SeeInvis .   a - +0 dagger (venom)
rCold   . . .      Faith    .   (no shield)
rNeg    . . .      Spirit   .   g - +0 robe
rPois   .          Reflect  .   (no helmet)
rElec   .          Harm     .   c - +1 cloak
rCorr   .          Rampage  .   (no gloves)
Will    .....                   (no boots)
Stlth   ++++......              (no amulet)
HPRegen 0.16/turn               i - +4 ring of slaying
MPRegen 0.13/turn               v - ring of wizardry

@: no status effects
A: small, no large weapons, nightstalker 3
a: Renounce Religion, Potion Petition, Call Merchant, Bribe Branch


You were on level 4 of the Dungeon.
You worshipped Gozag.
Gozag was aware of your devotion.
You visited 1 branch of the dungeon, and saw 5 of its levels.
You also visited: Sewer.

You collected 333 gold pieces.
You paid 69 gold pieces to Gozag.

Inventory:

Hand Weapons
 a - a +0 dagger of venom (weapon)
 b - a +3 shortbow of freezing
 x - a +2 dagger
Missiles
 d - 21 poisoned darts (quivered)
 e - 4 curare-tipped darts
Armour
 c - a +1 cloak (worn)
 g - a +0 robe (worn)
 h - a +0 buckler
Jewellery
 i - a +4 ring of slaying (left hand)
 r - a ring of positive energy
 v - a ring of wizardry (right hand)
Wands
 F - a wand of paralysis (11)
Scrolls
 f - 2 scrolls of poison
 j - a scroll of identify
 k - 2 scrolls of immolation
 n - a scroll of enchant weapon
 w - 3 scrolls of torment
Potions
 l - a potion of flight
 m - a potion of magic


   Skills:
 - Level 5.0 Fighting
 - Level 4.0 Short Blades
 - Level 2.0 Bows
 - Level 2.1 Throwing
 - Level 5.0 Dodging
 - Level 6.0 Stealth
 - Level 3.0 Spellcasting
 - Level 2.0 Hexes
 + Level 4.5 Evocations


You had 7 spell levels left.
You knew the following spells:

 Your Spells              Type           Power      Damage    Failure   Level
a - Portal Projectile     Hex/Tloc       6%         N/A       22%         3
b - Tukima's Dance        Hex            5%         N/A       16%         3

Your spell library contained the following spells:

 Spells                   Type           Power      Damage    Failure   Level
 Conjure Flame            Conj/Fire      1%         6-21      32%         3
 Ignite Poison            Fire/Tmut/Pois 1%         N/A       32%         3
 Sticky Flame             Conj/Fire      1%         2d3       69%         4
 Blade Hands              Tmut           0%         N/A       95%         5


Dungeon Overview and Level Annotations

Branches:
Dungeon (5/15)             Temple (0/1) D:4           Sewer (visited)

Altars:
Elyvilon
Fedhas
Gozag
Okawaru

Shops:
D:4 *


Innate Abilities, Weirdness & Mutations

You are small and have problems with some larger weapons.
You are completely attuned to the shadows.


Message History

You hear some strange, mumbled words.
You are confused.
Something hits you.
The orc priest casts a cantrip, but nothing happens.
The orc shouts!
Okay, then.
You hear a shout!
A magic dart appears from out of thin air!
The magic dart hits you.
You see here 5 gold pieces.
The orc priest barely misses you.
The orc priest attacks as you move away!
The orc priest closely misses you.
You hear some strange, mumbled words.
You are more confused.
There is an escape hatch in the ceiling here.
The orc priest hits you with a +0 dagger.
A mysterious force pulls you upwards. The hatch slams shut behind you.
Reactivating autopickup.
You barely miss the orc priest. The orc priest closely misses you.
The orc priest looks braver for a moment.
The orc priest hits you but does no damage.
The orc priest hits you with a +0 dagger.
You feel less confused. The orc priest barely misses you.
You hit the orc priest.
The orc priest is poisoned.
The orc priest is lightly wounded.
You hit the orc priest.
The orc priest looks as sick as possible!
The orc priest is moderately wounded.
The orc priest invokes the aid of Beogh against you.
Pain shoots through your body!
* * * LOW HITPOINT WARNING * * *
Okay, then.
You barely miss the orc priest.
The orc priest is severely wounded.
The orc priest invokes the aid of Beogh against you.
Pain shoots through your body!
You die...
Your body crumbles into a pile of gold.

...#.#####...# #...##......#.#
...#.#≈≈≈#..## #.#.##......#.#
.....#≈≈≈#...####.#.....##..#.#
.....#≈.≈#...#....#.....###.#.#
###..#≈≈≈#...#.####.#######...#
#..#≈≈≈#...#.##...###.......#
#..##'##.....#......#.###...###
#........(.##..o....#...#.#....
#.............@..######.#.#..#.
#..........#..<#.#....#.#......
#######'##.#####.#.##.#.####>..
#....# #...#.##.#.###...#
###### #.###.#..#...#...#
#.....#.####.#.#.#
#######....#.#...# ####.#.##..#
#.#.#...#


You could see an orc priest (extremely poisoned).

Vanquished Creatures
  A phantom (D:5)
  4 kobold brigands (Sewer)
  A bullfrog (D:5)
  A necrophage (D:5)
  A scorpion (D:5)
  A howler monkey (D:5)
  2 hounds
  An orc priest (D:3)
  An iguana (D:5)
  3 adders
  A river rat (Sewer)
  A white imp (D:5)
  A worm (D:5)
  4 dart slugs
  8 orcs
  8 endoplasms
  5 giant cockroaches
  9 hobgoblins
  4 quokkas
  8 ball pythons
  5 bats
  4 frilled lizards
  12 goblins
  16 kobolds
  3 rats (Sewer)
105 creatures vanquished.

Vanquished Creatures (collateral kills)
  A centaur (D:5)
  An adder (D:5)
  An orc (D:5)
3 creatures vanquished.

Grand Total: 108 creatures vanquished

Notes
Turn   | Place    | Note
-------+----------+-------------------------------------------
     0 | D:1      | enile the Kobold Brigand began the quest for the Orb.
     0 | D:1      | Reached XP level 1. HP: 12/12 MP: 1/1
   287 | D:1      | Reached XP level 2. HP: 18/18 MP: 2/2
  1044 | D:1      | Reached XP level 3. HP: 23/23 MP: 3/3
  1176 | D:2      | Reached skill level 6 in Stealth
  1340 | D:2      | Reached skill level 1 in Bows
  2039 | D:3      | Reached XP level 4. HP: 28/28 MP: 4/4
  2262 | D:3      | Reached skill level 1 in Spellcasting
  2346 | D:3      | Reached XP level 5. HP: 32/32 MP: 5/8
  2577 | D:4      | Learned a level 3 spell: Portal Projectile
  2889 | D:4      | Found a glowing drain.
  2923 | Sewer    | Entered a sewer
  3174 | Sewer    | Noticed a kobold brigand
  3175 | Sewer    | Noticed a kobold brigand
  3175 | Sewer    | Noticed a kobold brigand
  3180 | Sewer    | Killed a kobold brigand
  3181 | Sewer    | Reached XP level 6. HP: 34/38 MP: 10/10
  3187 | Sewer    | Reached skill level 5 in Fighting
  3203 | Sewer    | Learned a level 3 spell: Tukima's Dance
  3522 | Sewer    | Reached XP level 7. HP: 13/44 MP: 11/11
  4016 | D:4      | Found Gozag's Platinum Reserve.
  4017 | D:4      | Found an opulent altar of Gozag.
  4134 | D:4      | Found a staircase to the Ecumenical Temple.
  4436 | D:4      | Found an iron altar of Okawaru.
  4648 | D:4      | Became a worshipper of Gozag Ym Sagoz the Greedy
  4661 | D:5      | Entered Level 5 of the Dungeon
  4680 | D:5      | Found a white marble altar of Elyvilon.
  4861 | D:5      | HP: 1/44 [centaur/arrow (7)]
  4880 | D:5      | Reached skill level 5 in Dodging
  4880 | D:5      | Reached skill level 1 in Evocations
  4890 | D:5      | HP: 1/44 [orc/+0 hand axe (4)]
  4895 | D:5      | Reached XP level 8. HP: 2/49 MP: 12/12
  4906 | D:5      | HP: 1/49 [hound (2)]
  4917 | D:5      | Found a blossoming altar of Fedhas.
  5331 | D:4      | Killed from afar by an orc priest

Illustrated notes

Levels and vault maps discovered:
D:1:      dpeg_arrival_castle, layout_basic
D:2:      layout_loops_ring
D:3:      cheibrodos_pilgrimage, layout_rooms, serial_glass, glass_columns_b,
          glass_columns_b
D:4:      layout_basic, nicolae_gozag_zags_fifth_avenue,
          okawaru_altar_gauntlet_db, minmay_temple_entry_fiery,
          gup_sewer_entry_glass, minmay_goblin_outpost
D:5:      layout_cave_pools, mainiacjoe_overflow_tiny_flanked, elyvilon_altar_5,
          uniq_blork_the_orc

Skill      XL: |  1  2  3  4  5  6  7  8 |
---------------+-------------------------+-----
Fighting       | 3 4 5 |  5.0
Stealth        | 6 |  6.0
Bows           | 1 2 |  2.0
Spellcasting   | 2 3 |  3.0
Short Blades   | 4 |  4.0
Hexes          | 2 |  2.0
Dodging        | 5 |  5.0
Evocations     | 1 4 |  4.5
Throwing       | |  2.1

Action                   |  1- 3 |  4- 6 |  7- 9 || total
-------------------------+-------+-------+-------++-------
Melee: Dagger            |     6 |    30 |    35 ||    71
 Fire: Shortbow          |    82 |    65 |    38 ||   185
Throw: Dart              |       |       |     3 ||     3
 Cast: Portal Projectile |       |       |     3 ||     3
Evoke: Wand              |       |       |     1 ||     1
  Use: Scroll            |       |     2 |    12 ||    14
       Potion            |       |       |     7 ||     7
 Stab: Sleeping          |     1 |     1 |       ||     2
Armor: Robe              |     9 |     5 |    13 ||    27
Dodge: Dodged            |    39 |    47 |    63 ||   149

Table legend: (Time is in decaauts)
 A = Elapsed time spent in this place.
 B = Non-inter-level travel time spent in this place.
 C = Inter-level travel time spent in this place.
 D = Time resting spent in this place.
 E = Time spent auto-exploring this place.
 F = Levels seen in this place.
 G = Mean time per level.
                   A        B        C        D        E       F      G
               +--------+--------+--------+--------+--------+-----+--------+
         Total |   5457 |   5249 |    208 |     22 |   4321 |   6 |  909.5 |
       Dungeon |   4397 |   4189 |    208 |     22 |   3387 |   5 |  879.4 |
         Sewer |   1059 |   1059 |      0 |      0 |    934 |   1 | 1059.0 |
               +--------+--------+--------+--------+--------+-----+--------+

Top non-repeatable levels by time:
     D:1: 1190 daAuts
     D:4: 1080 daAuts
   Sewer: 1059 daAuts
     D:2: 928 daAuts
     D:5: 643 daAuts
     D:3: 554 daAuts
